 Dungeon Crawl Stone Soup version 0.19-a0-1260-gc94d3f7 (webtiles) character file.

399 Gorice the Slicer (level 7, -4/36 HPs)
             Began as a Kobold Enchanter on Aug 27, 2016.
             Was an Initiate of Okawaru.
             Slain by a worm (10 damage)
             ... in a sewer on Aug 28, 2016.
             The game lasted 00:22:19 (5022 turns).

Gorice the Slicer (Kobold Enchanter)                Turns: 5022, Time: 00:22:20

Health: -4/36      AC:  4    Str:  7    XL:     7   Next: 10%
Magic:  3/10       EV: 15    Int: 14    God:    Okawaru [......]
Gold:   234        SH:  0    Dex: 17    Spells: 2 memorised, 6 levels left

rFire  . . .     SeeInvis .     a - +1 dagger
rCold  . . .     Gourm    .     k - +2 robe
rNeg   . . .     Faith    .     (shield restricted)
rPois  +         Spirit   .     (no helmet)
rElec  .         Dismiss  .     (no cloak)
rCorr  .         Reflect  .     (no gloves)
MR     .....     Harm     .     (no boots)
Stlth  +++.......               (no amulet)
                                q - ring of poison resistance
                                o - ring of wizardry

@: no status effects
A: carnivore 3
a: Renounce Religion


You were in a sewer.
You worshipped Okawaru.
Okawaru was noncommittal.
You were very full.

You visited 2 branches of the dungeon, and saw 5 of its levels.
You also visited: Sewer.

You collected 234 gold pieces.

Inventory:

Hand Weapons
 a - a +1 dagger (weapon)
 b - a +0 short sword
Missiles
 r - 40 sling bullets
 w - 2 tomahawks (quivered)
 x - 11 poisoned needles
 Z - 109 stones
Armour
 k - a +2 robe (worn)
Jewellery
 e - an uncursed ring of ice
 o - a ring of wizardry (left hand)
 q - a ring of poison resistance (right hand)
Wands
 s - a wand of slowing (39/48)
Scrolls
 i - a scroll of enchant armour
 u - 6 scrolls of teleportation {!r}
 y - a scroll of remove curse
Potions
 f - a potion of berserk rage {unknown}
 g - a potion of heal wounds {unknown}
 j - a potion of haste {unknown}
 m - a potion of might {!q}
 n - a potion of ambrosia {unknown}
 p - a potion of curing
 t - a potion of cure mutation {unknown}
 v - a potion of brilliance {unknown}
 z - a potion of invisibility {!q}
 A - a potion of flight {unknown}
Books
 c - a book of Maledictions
Comestibles
 d - a meat ration {!e}
 h - a slice of pizza


   Skills:
 + Level 0.2 Fighting
 * Level 9.0 Short Blades
 - Level 2.4 Dodging
 - Level 4.0 Stealth
 - Level 2.0 Spellcasting
 - Level 3.0 Hexes


You had 6 spell levels left.
You knew the following spells:

 Your Spells              Type           Power        Failure   Level  Hunger
a - Corona                Hex            #......      4%          1    ##.....
b - Confuse               Hex            #.......     9%          3    ####...


Dungeon Overview and Level Annotations

Branches:
Dungeon (4/15)             Temple (1/1) D:4

Altars:
Ashenzari
Cheibriados
Dithmenos
Elyvilon
Fedhas
Gozag
Hepliaklqana
Kikubaaqudgha
Makhleb
Nemelex Xobeh
Okawaru
Qazlal
Ru
Sif Muna
Trog
Uskayaw
Vehumet
Xom
Yredelemnul
Zin
The Shining One

Annotations:
D:4 Roxy's ghost, novice DECj


Innate Abilities, Weirdness & Mutations

You are small and have problems with some larger weapons.
You are carnivorous and can eat meat at any time.


Message History

The worm misses you.
You hit the worm but do no damage.
The worm is severely wounded.
The worm completely misses you.
You hit the worm.
The worm is almost dead.
The worm barely misses you.
You hit the worm but do no damage.
The worm is almost dead.
The worm closely misses you.
You hit the worm.
You kill the worm!
Okawaru accepts your kill.
Your Short Blades skill increases to level 9!
You hit the worm.
The worm is lightly wounded.
The worm closely misses you.
You hit the worm.
The worm is lightly wounded.
The worm bites you.
You hit the worm but do no damage.
The worm is lightly wounded.
The worm bites you!
* * * LOW HITPOINT WARNING * * *
Damage: 7 (max 7)
You hit the worm.
The worm is lightly wounded.
The worm barely misses you.
You hit the worm.
The worm is moderately wounded.
The worm bites you.
* * * LOW HITPOINT WARNING * * *
Unknown command.
Damage: 4 (max 7) Unknown command.
Unknown command.
You hit the worm.
The worm is moderately wounded.
The worm bites you.
* * * LOW HITPOINT WARNING * * *
Unknown command.
Unknown command.
You hit the worm.
The worm is heavily wounded.
The worm barely misses you.
Damage: 2 (max 7)
You hit the worm but do no damage.
The worm is heavily wounded.
The worm bites you!
You die...

######################≈≈≈# #≈≈≈
.≈.≈≈≈.≈≈≈.≈≈≈≈≈.≈≈≈≈≈≈≈.# #≈≈≈
≈≈≈≈≈≈≈≈≈≈≈≈≈≈≈≈≈≈≈≈≈≈.≈.# #≈≈≈
≈≈≈≈≈..≈≈≈≈.≈≈.≈≈≈≈≈≈.≈≈≈# #≈≈≈
######################≈≈≈# #.≈≈
###### #≈≈≈# #≈≈. #....# #.≈.#
#≈≈≈ ####''#####++##### #≈≈≈#
#.≈≈ ≈.≈...w....(..(w@# #≈≈≈#
#≈≈≈ ≈≈...........(.ww# #≈≈.#
#≈≈≈ ####++#####++##### #.≈≈#
#÷≈≈ #≈≈≈# #.≈≈ #≈≈≈# #≈≈≈
######################≈≈÷#####≈≈≈
≈..≈≈≈≈≈≈≈≈≈.≈≈≈≈≈.≈≈≈≈.≈≈.≈≈≈≈≈≈
≈≈≈≈≈≈≈≈≈≈≈≈≈≈≈≈≈≈≈≈≈≈≈≈≈≈≈≈≈≈≈≈.
≈≈.≈..≈≈≈≈≈.≈≈≈≈.≈..≈≈.≈≈.≈≈.≈≈≈≈


You could see 3 worms.

Vanquished Creatures
  An ogre (D:4)
  A scorpion (D:4)
  An orc priest (D:3)
  A hound (D:3)
  A centaur skeleton (D:4)
  Natasha (D:4)
  3 adders (D:3)
  2 oozes
  9 worms
  10 giant geckos
  4 orcs
  7 giant cockroaches
  4 goblins
  2 hobgoblins
  4 jackals (Sewer)
  2 quokkas (D:2)
  4 ball pythons
  13 bats
  A giant gecko skeleton (D:4)
  6 giant newts
  6 kobolds
  7 rats
90 creatures vanquished.

Notes
Turn   | Place    | Note
-------+----------+-------------------------------------------
     0 | D:1      | Gorice the Kobold Enchanter began the quest for the Orb.
     0 | D:1      | Reached XP level 1. HP: 10/10 MP: 3/3
   158 | D:1      | Reached skill level 2 in Short Blades
   351 | D:1      | Reached XP level 2. HP: 12/15 MP: 3/5
   478 | D:1      | Reached skill level 3 in Short Blades
   830 | D:2      | Reached XP level 3. HP: 19/19 MP: 3/6
  1061 | D:1      | Learned a level 3 spell: Confuse
  1178 | D:2      | HP: 5/19 [worm (11)]
  1526 | D:2      | Reached skill level 4 in Short Blades
  2022 | D:3      | Reached XP level 4. HP: 24/24 MP: 0/7
  2407 | D:3      | Reached skill level 5 in Short Blades
  2753 | D:3      | Found a burning altar of Makhleb.
  2760 | D:3      | Reached skill level 6 in Short Blades
  2760 | D:3      | Reached XP level 5. HP: 28/28 MP: 8/8
  3489 | D:4      | Reached skill level 7 in Short Blades
  3498 | D:4      | Found a staircase to the Ecumenical Temple.
  3501 | D:4      | Noticed Roxy's ghost (novice DECj)
  3514 | Temple   | Entered the Ecumenical Temple
  3608 | Temple   | Upgraded the game from 0.19-a0-1254-gb9c29c0 to 0.19-a0-1260-gc94d3f7
  3617 | Temple   | Became a worshipper of Warmaster Okawaru
  3671 | D:4      | Noticed an ogre
  3740 | D:4      | Reached XP level 6. HP: 32/32 MP: 4/9
  3842 | D:4      | Killed an ogre
  3842 | D:4      | Reached skill level 8 in Short Blades
  3925 | D:4      | Noticed Natasha
  3938 | D:4      | Killed Natasha
  4090 | D:4      | Reached XP level 7. HP: 12/36 MP: 7/10
  4119 | D:4      | Found a glowing drain.
  4123 | Sewer    | Entered a sewer
  4137 | Sewer    | HP: 9/36 [giant gecko (3)]
  4147 | Sewer    | HP: 10/36 [ooze (1)]
  5014 | Sewer    | Reached skill level 9 in Short Blades
  5019 | Sewer    | HP: 8/36 [worm (4)]
  5022 | Sewer    | Slain by a worm

Vault maps used:
D:1:      lightli_arrival_noodles
D:2:      wad_crossroads
D:3:      makhleb_heckhound_becter
D:4:      gup_sewer_entry_spiral, uniq_natasha
Temple:   kilobyte_greek_temple
Sewer:    sewer_fruit_machine

Skill      XL: |  1  2  3  4  5  6  7 |
---------------+----------------------+-----
Short Blades   | 2 3 4 6 7 8 9 |  9.0
Fighting       | |  0.2
Dodging        | |  2.4
Stealth        | |  4.0
Spellcasting   | |  2.0
Hexes          | |  3.0

Action                   |  1- 3 |  4- 6 |  7- 9 || total
-------------------------+-------+-------+-------++-------
Melee: Dagger            |   134 |    74 |    65 ||   273
       Short sword       |       |    68 |    37 ||   105
Throw: Stone             |     5 |       |       ||     5
       Tomahawk          |       |     1 |     4 ||     5
 Cast: Corona            |    11 |    18 |    18 ||    47
       Confuse           |     7 |     9 |     5 ||    21
  Use: Scroll            |     4 |     1 |     1 ||     6
       Potion            |       |       |     4 ||     4
 Stab: Sleeping          |    13 |    11 |       ||    24
       Distracted        |     1 |     1 |       ||     2
       Confused          |     2 |     5 |     1 ||     8
       Invisible         |       |       |     1 ||     1
  Eat: Chunk             |    13 |     8 |     4 ||    25
Armor: Robe              |    13 |    13 |    41 ||    67
Dodge: Dodged            |    76 |    56 |   161 ||   293

Table legend:
 A = Turns spent in this place as a percentage of turns spent in the entire game.
 B = Non-inter-level travel turns spent in this place as a percentage of non-inter-level travel turns spent in the entire game.
 C = Inter-level travel turns spent in this place as a percentage of turns spent in this place.
 D = Turns resting spent in this place as a percentage of non-inter-level travel turns spent in this place.
 E = Turns spent auto-exploring this place as a percentage of non-inter-level travel turns spent in this place.
 F = Non-inter-level travel turns spent in this place divided by the number of levels of this place that you've seen.
                   A       B       C       D       E      F
               +-------+-------+-------+-------+-------+----------------------
         Total | 100.0 | 100.0 |   0.2 |   1.5 |   2.8 | 367.0
       Dungeon |  72.1 |  72.1 |   0.3 |   1.4 |   3.8 | 396.8
        Temple |   1.4 |   1.4 |   3.1 |   0.0 |   3.2 |  31.0
         Sewer |  26.5 |  26.5 |   0.0 |   1.7 |   0.0 | 584.0
               +-------+-------+-------+-------+-------+----------------------

Vault maps used:
D:1:      lightli_arrival_noodles
D:2:      wad_crossroads
D:3:      makhleb_heckhound_becter
D:4:      gup_sewer_entry_spiral, uniq_natasha
Temple:   kilobyte_greek_temple
Sewer:    sewer_fruit_machine
